 Dungeon Crawl Stone Soup version 0.26-a0-542-gbaa144ba5c (webtiles) character file.

Game seed: 4267565844984351014

42 Aksej the Cudgeler (level 3, 0/27 HPs)
             Began as a Demonspawn Gladiator on Aug 17, 2020.
             Slain by a sky beast (6 damage)
             ... on level 2 of the Dungeon.
             The game lasted 00:02:11 (1195 turns).

Aksej the Cudgeler (Demonspawn Gladiator)           Turns: 1195, Time: 00:02:12

Health: 0/27       AC:  4    Str: 15    XL:     3   Next: 33%
Magic:  3/3        EV: 13    Int:  9    God:
Gold:   26         SH:  0    Dex: 14    Spells: 2/2 levels left

rFire    . . .     SeeInvis .   a - +0 flail
rCold    . . .     Faith    .   (no shield)
rNeg     + . .     Spirit   .   e - +0 leather armour
rPois    .         Reflect  .   c - +0 helmet
rElec    .         Harm     .   (no cloak)
rCorr    .                      (no gloves)
MR       .....                  (no boots)
Stlth    +.........             (no amulet)
HPRegen  0.09/turn              f - ring of positive energy
MPRegen  0.08/turn              (no ring)

@: no status effects
A: hooves 1
a: no special abilities


You were on level 2 of the Dungeon.
You visited 1 branch of the dungeon, and saw 2 of its levels.

You collected 26 gold pieces.

Inventory:

Hand Weapons
 a - a +0 flail (weapon)
Missiles
 d - 2 throwing nets (quivered)
Armour
 c - a +0 helmet (worn)
 e - a +0 leather armour (worn)
Jewellery
 f - a ring of positive energy (left hand)


   Skills:
 + Level 2.1 Fighting
 * Level 3.6 Maces & Flails
 + Level 2.0 Throwing
 + Level 0.1 Armour
 + Level 2.9 Dodging


You had 2 spell levels left.
You didn't know any spells.
Your spell library was empty.

Dungeon Overview and Level Annotations

Branches:
Dungeon (2/15)

Altars:


Innate Abilities, Weirdness & Mutations

You have large cloven feet.


Message History

You barely miss the sky beast. The sky beast barely misses you.
The sky beast hits you. The sky beast shocks you.
You closely miss the sky beast. Your kick misses the sky beast.
The sky beast hits you. The sky beast shocks you.
* * * LOW HITPOINT WARNING * * *
You aren't carrying any potions.
You barely miss the sky beast.
You kick the sky beast, but do no damage.
The sky beast flickers out of sight!
Deactivating autopickup; reactivate with Ctrl-A.
Something hits you but does no damage.
You completely miss something. Your kick misses something.
A sky beast appears from thin air!
Reactivating autopickup.
The sky beast closely misses you.
You closely miss the sky beast. The sky beast closely misses you.
The sky beast hits you.
* * * LOW HITPOINT WARNING * * *
The sky beast shocks you.
You die...

.# ### #####.#
...##...... #
#......#.##.##.
.#....#.#... ..
.......Y#.##.#
.......@.....#
.....#....#..#
... ##....## ≈
#......#
##..(...##
#........#
#........# #
##......##.# #
≈ #......#..#.#


You could see a sky beast.

Vanquished Creatures
  A gnoll (D:1)
  An ooze (D:1)
  A worm (D:2)
  A dart slug (D:2)
  3 bats
  3 giant cockroaches (D:1)
  5 goblins
  2 hobgoblins
  2 kobolds (D:1)
  3 frilled lizards
22 creatures vanquished.

Notes
Turn   | Place    | Note
-------+----------+-------------------------------------------
     0 | D:1      | Aksej the Demonspawn Gladiator began the quest for the Orb.
     0 | D:1      | Reached XP level 1. HP: 16/16 MP: 1/1
    41 | D:1      | Reached skill level 3 in Maces & Flails
   247 | D:1      | Gained mutation: You have large cloven feet. [demonic
                  | ancestry]
   247 | D:1      | Reached XP level 2. HP: 22/22 MP: 2/2
   750 | D:1      | Reached XP level 3. HP: 27/27 MP: 3/3
  1187 | D:2      | Noticed a sky beast
  1195 | D:2      | Slain by a sky beast

Illustrated notes

Levels and vault maps discovered:
D:1:      nzn_arrival_water_spiral, layout_loops_ring, minmay_tetromino_t2
D:2:      layout_loops_cross, lemuel_coloured_pillars_altar,
          chequers_ecumenical_altar_island, minmay_misc_feat_iff,
          grunt_gozag_statues, uniq_robin

Skill      XL: |  1  2 |
---------------+-------+-----
Maces & Flails | 3 |  3.6
Throwing       | 2 |  2.0
Fighting       | |  2.1
Armour         | |  0.1
Dodging        | |  2.9

Action                   || total
-------------------------++-------
Melee: Flail             ||    70
       Kick              ||    16
Throw: Throwing net      ||     3
  Use: Scroll            ||     1
Armor: Leather armour    ||    20
Dodge: Dodged            ||    43

Table legend: (Time is in decaauts)
 A = Elapsed time spent in this place.
 B = Non-inter-level travel time spent in this place.
 C = Inter-level travel time spent in this place.
 D = Time resting spent in this place.
 E = Time spent auto-exploring this place.
 F = Levels seen in this place.
 G = Mean time per level.
                   A        B        C        D        E       F      G
               +--------+--------+--------+--------+--------+-----+--------+
         Total |   1215 |   1205 |     10 |    330 |    712 |   2 |  607.5 |
       Dungeon |   1215 |   1205 |     10 |    330 |    712 |   2 |  607.5 |
               +--------+--------+--------+--------+--------+-----+--------+

Top non-repeatable levels by time:
     D:1: 969 daAuts
     D:2: 245 daAuts
